 Dungeon Crawl Stone Soup version 0.29.1-15-g9cfb28693d (webtiles) character file.

Game seed: 1269487924280448717

10 Heoruswealwe the Digger (level 2, -1/15 HPs)
             Began as a Deep Elf Earth Elementalist on Apr 12, 2023.
             Slain by a jackal (3 damage)
             ... on level 1 of the Dungeon.
             The game lasted 00:02:41 (217 turns).

Heoruswealwe the Digger (DEEE)                       Turns: 217, Time: 00:02:42

Health: -1/15      AC:  2    Str:  5    XL:     2   Next: 10%
Magic:  7/8        EV: 12    Int: 19    God:
Gold:   17         SH:  0    Dex: 15    Spells: 5/8 levels left

rFire   . . .      SeeInvis .   (no weapon)
rCold   . . .      Faith    .   (no shield)
rNeg    . . .      Spirit   .   a - +0 robe
rPois   .          Reflect  .   (no helmet)
rElec   .          Harm     .   (no cloak)
rCorr   .          Rampage  .   (no gloves)
Will    +....                   (no boots)
Stlth   ++........              (no amulet)
HPRegen 0.05/turn               f - ring of willpower
MPRegen 0.11/turn               (no ring)

@: no status effects
A: no striking features
a: no special abilities


You were on level 1 of the Dungeon.
You visited 1 branch of the dungeon, and saw 1 of its levels.

You collected 17 gold pieces.

Inventory:

Armour
 a - a +0 robe (worn)
Jewellery
 f - a ring of willpower (left hand)
Scrolls
 c - a scroll of identify {unknown}
 e - a scroll of teleportation {unknown}
Potions
 d - a potion of attraction {unknown}


   Skills:
 - Level 2.4 Dodging
 - Level 2.4 Stealth
 + Level 3.5 Spellcasting
 - Level 1.1 Transmutations
 + Level 3.6 Earth Magic


You had 5 spell levels left.
You knew the following spells:

 Your Spells              Type           Power      Damage    Failure   Level
a - Sandblast             Erth           34%        2d9       3%          1
z - Passwall              Tmut/Erth      10%        N/A       9%          2

Your spell library contained the following spells:

 Spells                   Type           Power      Damage    Failure   Level
 Stone Arrow              Conj/Erth      20%        3d8       21%         3
 Petrify                  Tmut/Erth      12%        N/A       47%         4


Dungeon Overview and Level Annotations

Branches:
Dungeon (1/15)

Altars:

Shops:
D:1 !


Message History

You finish memorising.
Spell assigned to 'b'.
Adjust (i)tems, (s)pells, or (a)bilities?
Adjust which spell? b - Passwall Adjust to which letter? z - Passwall
Things that are here:
a +0 dagger; a stone; a kobold corpse
Things that are here:
2 scrolls labelled KOMA TOUSA; a jackal corpse The blast of sand hits the giant cockroach!
You kill the giant cockroach!
The jackal barks!
You hear a bark! x2
The blast of sand misses the jackal.
The blast of sand misses the jackal.
The jackal misses you.
A jackal comes into view.
The jackal bites you.
The blast of sand hits the jackal.
The jackal is severely wounded.
The jackal misses you. The jackal barely misses you.
You are out of magic!
The jackal barely misses you. The jackal attacks as you move away!
The jackal bites you.
The jackal bites you but does no damage.
Casting: Sandblast (safe; 3% risk of failure)
Confirm with . or Enter, or press ? or * to list all spells.
Aiming: Sandblast (safe; 3% risk of failure)
Press: ? - help, Shift-Dir - straight line, f/p - jackal
Aim: a jackal (heavily wounded, 77% to hit)
The blast of sand hits the jackal.
The jackal is severely wounded.
The jackal barely misses you. The jackal bites you.
Magic courses through your body. The jackal bites you.
The jackal bites you but does no damage.
The jackal bites you. The jackal barely misses you.
The blast of sand misses the jackal.
The jackal misses you. The jackal bites you. x2
* * * LOW HITPOINT WARNING * * *
The jackal bites you.
You die...

#.#.....#.....S. #..
#..†...$..#.
#..###.......$..
#...#.?.#####...
####.#....h#
........#..#
###..#.....#### #.
#.....hhh# # #.##..##@#
##.## #.#......# ...
###'###..######.#####
#≈≈~≈≈#..##.........#
#≈~≈~≈#..##.........#
#~≈~≈~#..##.........# #
#≈~≈~≈#.###.........##.#
###'###.###............#
#..###............####


You could see 3 jackals.

Vanquished Creatures
  A dart slug (D:1)
  A ball python (D:1)
  A giant cockroach (D:1)
  A hobgoblin (D:1)
  A jackal (D:1)
  2 kobolds (D:1)
  A rat (D:1)
8 creatures vanquished.

Notes
Turn   | Place    | Note
-------+----------+-------------------------------------------
     0 | D:1      | Heoruswealwe the Deep Elf Earth Elementalist began the
                  | quest for the Orb.
     0 | D:1      | Reached XP level 1. HP: 10/10 MP: 6/6
   120 | D:1      | Found Nuledgh's Distillery.
   198 | D:1      | Reached XP level 2. HP: 15/15 MP: 2/8
   201 | D:1      | Learned a level 2 spell: Passwall
   217 | D:1      | Slain by a jackal

Illustrated notes

Levels and vault maps discovered:
D:1:      ncdulo_smallfort, layout_loops_ring, serial_shops,
          nicolae_shop_advertising_works [nicolae_subvault_shop_adworks],
          shapermc_ecumenical_altar_notcrosses, hex_medium,
          chequers_serial_rivers_room_b

Action                   || total
-------------------------++-------
 Cast: Sandblast         ||    14
  Use: Potion            ||     1
Armor: Robe              ||     2
Dodge: Dodged            ||     8
